Map: Ley Lines

Players

ManlyManMeat

  • Race: Zerg Zerg
  • League: Master
  • Spawn Location: 1:00

Vroom - Winner!

  • Race: Protoss Protoss
  • League: Platinum
  • Spawn Location: 7:00

VOD

Have the link to the VOD?

Description

Time

  • Played on: June 14, 2025, 5:45 p.m.
  • Length: 14:34
Show
View Real Time Build Order
Export as new Build Order

ManlyManMeat Zerg 

Build Orders: Pool First 

Get SALT Encoding   

  12  0:08  Overlord  
  12  0:13  Drone  
  13  0:19  Drone  
  14  0:26  Drone  
  15  0:32  Drone  
  16  0:40  Drone  
  17  0:55  Spawning Pool  
  16  1:06  Hatchery  
  16  1:09  Drone  
  16  1:13  Drone  
  16  1:18  Drone  
  18  1:28  Drone  
  18  1:31  Extractor  
  18  1:36  Drone  
  19  1:42  Queen  
  19  1:44  Overlord  
  21  1:55  Drone  
  22  2:09  Drone  
  22  2:13  Extractor  
  22  2:24  Queen  
  22  2:27  Hatchery  
  22  2:28  Drone  
  24  2:38  Drone x3  
  27  2:47  Lair  
  27  2:57  Drone x3  
  30  3:04  Drone  
  30  3:05  Drone  
  32  3:08  Overlord  
  32  3:12  Zergling x2  
  33  3:21  Queen  
  33  3:24  Zergling x2  
  36  3:34  Zergling x8  
  40  3:47  Hydralisk Den  
  39  3:52  Spawning Pool  
  38  4:01  Drone x6  
  38  4:02  Evolution Chamber x2  
  39  4:22  Hydralisk  
  39  4:23  Hydralisk x2  
  44  4:30  Drone x2  
  46  4:39  Spore Crawler  
  46  4:41  Hydralisk  
  46  4:42  Hydralisk  
  49  4:47  Drone  
  50  5:17  Overlord x2  
  50  5:18  Overlord  
  50  5:34  Queen  
  52  5:37  Drone x9  
  52  5:38  Drone x2  
  63  5:55  Zergling x16  
  71  5:58  Overlord  
  71  6:10  Metabolic Boost  
  71  6:11  Zerg Melee Weapons Level 1  
  71  6:12  Zerg Ground Armor Level 1  
  68  6:30  Queen  
  70  6:33  Hydralisk x5  
  80  6:43  Extractor  
  80  6:44  Extractor  
  80  6:45  Overlord x2, Extractor  
  80  6:46  Extractor  
  76  6:47  Drone  
  76  6:48  Drone x2  
  79  7:04  Roach Warren  
  78  7:12  Baneling Nest  
  77  7:23  Hydralisk x3  
  77  7:24  Hydralisk  
  85  7:30  Hatchery, Spore Crawler  
  85  7:33  Spore Crawler  
  81  7:42  Spore Crawler  
  80  7:45  Drone x2, Spore Crawler  
  80  7:46  Drone x3  
  84  8:00  Roach x5  
  84  8:01  Roach  
  84  8:04  Drone  
  97  8:09  Zerg Missile Weapons Level 1  
  97  8:21  Overseer  
  97  8:22  Drone  
  98  8:31  Zergling x4  
  98  8:41  Overlord x3  
  93  8:49  Zergling x6  
  93  8:50  Zergling x4  
  93  8:51  Overlord  
  93  8:52  Overlord x2  
  93  8:54  Overlord x3  
  89  9:05  Drone x6  
  94  9:24  Drone x4  
  94  9:25  Drone x2  
  94  9:30  Drone x5  
  105  9:48  Roach x10  
  125  10:16  Drone x2, Spore Crawler x2  
  125  10:17  Drone x3  
  128  10:33  Overlord x2  
  128  10:35  Drone x4  
  131  10:36  Drone x3  
  131  10:37  Roach  
  131  10:38  Roach x9  
  131  10:40  Ravager  
  131  10:41  Ravager x3  
  153  11:10  Roach x11  
  175  11:19  Glial Reconstitution  
  175  11:34  Hydralisk Den  
  175  11:37  Hydralisk Den, Overlord x2  
  175  11:38  Overlord x3  
  173  11:41  Zerg Melee Weapons Level 2  
  173  11:42  Zerg Missile Weapons Level 2  
  173  11:51  Extractor  
  173  11:52  Extractor  
  171  11:55  Queen x3  
  177  12:05  Overseer x4  
  177  12:06  Overseer  
  177  12:10  Overlord x4  
  168  13:23  Spore Crawler  
  167  13:27  Infestation Pit  
  167  13:28  Roach  
  167  13:29  Roach x16  
  126  14:04  Roach x5  
  126  14:05  Roach x10  
  111  14:19  Drone x5  
Show
View Real Time Build Order
Export as new Build Order

Vroom Protoss - Winner!

Build Orders: 1 Gate Expand, Oracle Opening 

Get SALT Encoding   

  12  0:00  Probe  
  13  0:13  Probe  
  14  0:19  Pylon  
  14  0:25  Probe  
  15  0:35  Probe  
  15  0:41  Gateway  
  16  0:43  Probe  
  17  0:51  Probe  
  17  0:52  Assimilator  
  18  1:03  Probe  
  19  1:25  Nexus  
  19  1:34  Cybernetics Core  
  19  1:40  Probe  
  19  1:43  Assimilator  
  20  1:53  Pylon  
  20  1:55  Probe  
  21  2:07  Probe  
  22  2:24  Stargate  
  22  2:25  Probe  
  23  2:33  Warp Gate  
  23  2:37  Probe  
  23  2:41  Probe  
  23  2:42  Stalker  
  27  2:56  Shield Battery  
  27  2:58  Probe x2  
  29  2:59  Oracle  
  29  3:10  Probe  
  29  3:12  Probe  
  34  3:16  Stalker  
  36  3:22  Probe  
  36  3:24  Probe  
  38  3:32  Shield Battery  
  38  3:33  Pylon  
  38  3:34  Probe  
  38  3:38  Probe  
  40  3:46  Probe  
  40  3:47  Stalker  
  41  3:50  Probe  
  44  3:58  Probe  
  44  4:02  Probe  
  46  4:05  Assimilator  
  46  4:06  Nexus  
  46  4:10  Probe  
  47  4:22  Probe  
  49  4:24  Probe  
  49  4:26  Gateway x2  
  49  4:31  Twilight Council  
  49  4:34  Probe  
  49  4:35  Assimilator  
  49  4:36  Probe  
  49  4:37  Stalker  
  53  4:43  Pylon  
  53  4:46  Probe  
  54  4:53  Pylon  
  54  4:56  Pylon  
  54  4:58  Charge  
  54  5:01  Probe x2  
  56  5:13  Probe  
  57  5:14  Robotics Facility  
  57  5:16  Gateway  
  57  5:18  Gateway  
  57  5:20  Forge  
  57  5:23  Probe, Forge  
  57  5:26  Probe x2  
  60  5:34  Zealot x2  
  65  5:35  Probe  
  65  5:36  Protoss Ground Weapons Level 1, Protoss Ground Armor Level 1  
  65  5:38  Probe  
  65  5:40  Probe  
  67  5:52  Stalker  
  67  5:55  Probe x2  
  67  5:56  Probe  
  72  6:07  Probe  
  72  6:10  Probe  
  72  6:11  Probe  
  75  6:15  Observer  
  76  6:24  Probe x2  
  76  6:28  Probe  
  77  6:41  Immortal  
  77  6:42  Zealot x3  
  77  6:43  Zealot x2  
  91  6:48  Gateway  
  91  6:49  Probe  
  91  6:50  Gateway, Probe  
  93  6:58  Pylon  
  93  7:01  Assimilator  
  93  7:06  Pylon  
  93  7:08  Nexus  
  93  7:09  Pylon  
  93  7:12  Robotics Bay  
  93  7:14  Pylon  
  93  7:15  Pylon  
  93  7:16  Probe  
  93  7:20  Blink  
  93  7:21  Immortal, Probe x2  
  93  7:22  Photon Cannon  
  100  7:23  Photon Cannon  
  100  7:24  Protoss Ground Weapons Level 2  
  100  7:26  Protoss Ground Armor Level 2  
  100  7:35  Probe x3  
  103  7:53  Probe x3  
  103  7:56  Robotics Facility  
  103  7:58  Pylon, Assimilator  
  106  8:01  Dark Shrine  
  106  8:02  Zealot x3  
  106  8:03  Zealot x4  
  106  8:05  Probe  
  121  8:11  Probe x2  
  123  8:22  Photon Cannon  
  123  8:23  Colossus  
  123  8:25  Photon Cannon  
  96  8:58  Colossus  
  96  9:00  Stalker  
  96  9:01  Stalker x4  
  96  9:02  Stalker x2  
  112  9:07  Oracle  
  112  9:08  Probe x3  
  118  9:14  Extended Thermal Lance  
  118  9:21  Shield Battery  
  118  9:23  Probe x4  
  122  9:27  Colossus  
  122  9:31  Protoss Ground Weapons Level 3  
  128  9:32  Dark Templar x2  
  128  9:34  Dark Templar x2  
  128  9:35  Dark Templar  
  128  9:37  Archon  
  138  9:38  Archon  
  138  9:40  Zealot x2  
  138  9:42  Protoss Shields Level 1  
  138  9:44  Probe x4  
  146  9:47  Gateway  
  146  9:48  Gateway  
  146  9:54  Gateway  
  146  9:56  Gateway  
  146  9:58  Probe x3  
  146  9:59  Probe  
  150  10:01  Gateway  
  150  10:11  Assimilator  
  150  10:13  Assimilator  
  150  10:17  Photon Cannon  
  150  10:19  Photon Cannon  
  150  10:20  Gateway  
  150  10:22  Pylon  
  150  10:25  Zealot x3  
  156  10:31  Pylon  
  156  10:40  Probe x4  
  160  10:45  Pylon  
  150  11:20  Stalker x6  
  150  11:21  Stalker x2  
  150  11:22  Colossus x2  
  150  11:25  Zealot  
  180  11:28  Pylon  
  180  11:32  Pylon  
  180  11:34  Pylon  
  180  11:35  Protoss Ground Armor Level 3  
  180  11:48  Gateway  
  180  11:52  Gateway  
  180  11:54  Gateway  
  180  11:56  Gateway  
  180  12:01  Robotics Facility  
  180  12:12  Nexus  
  180  12:13  Pylon, Zealot x5  
  180  12:14  Assimilator, Zealot x5  
  200  12:15  Pylon  
  180  12:41  Gateway  
  180  12:45  Zealot x4  
  180  12:46  Stalker x5  
  180  12:47  Stalker  
  190  13:23  Zealot x4  
  190  13:24  Zealot  
  174  14:18  Zealot x3  
  174  14:19  Zealot x6  
  174  14:20  Zealot x4  
Tags
 
Add a new tag
Caveats
  • Supply blocks, unpowered buildings, or Contaminate may cause inaccurate times.
  • Supply counts are checked every 10 seconds.